 Dungeon Crawl Stone Soup version 0.31-a0-1606-g60c5cc7444 (webtiles) character file.

Game seed: 2260083900742975445

6131 burgermaster696 the Reanimator (level 10, 0/77 HPs)
             Began as a Demonspawn Necromancer on Jan 7, 2024.
             Was a Priest of Makhleb.
             Slain by a water moccasin (4 damage)
             ... on level 1 of the Lair of Beasts on Jan 8, 2024.
             The game lasted 02:27:01 (12486 turns).

burgermaster696 the Reanimator (DsNe)              Turns: 12486, Time: 02:27:01

Health: 0/77       AC:  4    Str: 11    XL:     10   Next: 59%
Magic:  20/20      EV: 20    Int: 20    God:    Makhleb [***...]
Gold:   630        SH:  4    Dex: 21    Spells: 12/23 levels left

rFire   . . .        K - +4 trident (protect)
rCold   . . .        (no shield)
rNeg    . . .        O - +0 leather armour "Yskocemo" {Str+3 Dex+5}
rPois   +            m - +0 helmet
rElec   .            (no cloak)
rCorr   .            (no gloves)
SInv    .            (no boots)
Will    .....        t - amulet of magic regeneration
Stlth   +++          f - +5 ring of evasion
HPRegen 0.32/turn    h - ring of poison resistance
MPRegen 0.57/turn

%: no passive effects
@: no status effects
A: claws 1, foul stench 1, big brain 1, condensation shield, hooves 1, wild
magic 1
a: Renounce Religion, Minor Destruction, Lesser Servant of Makhleb


You were on level 1 of the Lair of Beasts.
You worshipped Makhleb.
Makhleb was most pleased with you.
You visited 3 branches of the dungeon, and saw 12 of its levels.
You also visited: Sewer.

You collected 630 gold pieces.

Inventory:

Hand Weapons
 y - a +1 vampiric dagger
 B - a +2 short sword of draining
 J - a +5 falchion
 K - a +4 trident of protection (weapon)
 L - a +3 dagger
Missiles
 A - 17 poisoned darts (quivered)
Armour
 a - a +0 robe
 c - a +0 pair of gloves
 i - +0 acid dragon scales
 j - the +1 ring mail of the Zealous Jabberwock {rC- rCorr Str+2}
   (You found it on level 2 of the Dungeon)

   Str+2:     It affects your strength (+2).
   rC-:       It makes you vulnerable to cold.
   rCorr:     It protects you from acid and corrosion.
 m - a +0 helmet (worn)
 o - a +0 pair of boots
 I - a +2 robe of willpower
 O - the +0 leather armour "Yskocemo" (worn) {Str+3 Dex+5}
   (You found it on level 10 of the Dungeon)

   Str+3:     It affects your strength (+3).
   Dex+5:     It affects your dexterity (+5).
Jewellery
 f - a +5 ring of evasion (left claw)
 h - a ring of poison resistance (right claw)
 k - a ring of see invisible
 t - an amulet of magic regeneration (around neck)
 u - a ring of positive energy
Talismans
 C - a serpent talisman
 F - a beast talisman
Wands
 n - a wand of mindburst (13)
 z - a wand of paralysis (5)
 P - a wand of iceblast (1)
Scrolls
 d - 3 scrolls of noise
 e - a scroll of vulnerability
 g - a scroll of revelation
 q - a scroll of torment
 s - a scroll of enchant armour {unknown}
 x - a scroll of enchant weapon {unknown}
 E - a scroll of poison {unknown}
 H - 2 scrolls of immolation {unknown}
 M - 4 scrolls of identify
 N - a scroll of amnesia {unknown}
Potions
 b - a potion of magic
 l - a potion of mutation
 p - 2 potions of enlightenment
 r - a potion of attraction
 G - a potion of curing
 Q - a potion of might {unknown}


   Skills:
 - Level 6.6 Fighting
 - Level 1.0 Short Blades
 - Level 2.7 Polearms
 - Level 5.6 Dodging
 - Level 5.0 Stealth
 + Level 7.1 Spellcasting
 + Level 8.5 Necromancy
 + Level 2.4 Fire Magic
 - Level 3.6 Earth Magic
 - Level 2.0 Invocations
 - Level 3.1 Evocations


You had 12 spell levels left.
You knew the following spells:

 Your Spells              Type           Power      Damage    Failure   Level
a - Necrotise             Necr           100%       1d9       1%          1
b - Vampiric Draining     Necr           52%        2d9       2%          3
c - Animate Dead          Necr           52%        N/A       6%          4
d - Inner Flame           Hex/Fire       15%        N/A       30%         3

Your spell library contained the following spells:

 Spells                   Type           Power      Damage    Failure   Level
 Curse of Agony           Necr           52%        N/A       14%         5
 Leda's Liquefaction      Alch/Erth      9%         N/A       58%         4
 Flame Wave               Conj/Fire      15%        2d7       67%         4
 Sticky Flame             Fire/Alch      15%        2d5       67%         4
 Lee's Rapid Deconstruct  Erth           14%        3d9*      67%         5
 Bombard                  Conj/Erth      9%         9d2       100%        6


Dungeon Overview and Level Annotations

Branches:
Dungeon (10/15)            Temple (1/1) D:4            Lair (1/5) D:8
    Orc (0/2) D:10          Sewer (visited)

Altars:
Ashenzari
Cheibriados
Dithmenos
Fedhas
Gozag
Hepliaklqana
Kikubaaqudgha
Makhleb
Nemelex Xobeh
Okawaru
Qazlal
Ru
Sif Muna
Trog
Uskayaw
Vehumet
Wu Jian
Xom
Yredelemnul

Shops:
D:10 [

Annotations:
D:2 Sigmund
D:5 Blork the orc, Menkaure
D:6 burgermaster696's ghost, novice DsNe
D:9 exclusion: oklob plant
D:10 Erica


Innate Abilities, Weirdness & Mutations

You have sharp fingernails.
You may rarely emit foul miasma when damaged in melee.
You have an unusually large brain. (Int +2)
A meltable shield of frost defends you. (SH +4)
You have large cloven feet.
Your spells are a little harder to cast, but a little more powerful.


Message History

The komodo dragon bites you!! The hornet stings you.
The cane toad croaks.
You hear an angry hiss.
Casting: Vampiric Draining (mildly dangerous; 2% risk of failure)
Confirm with . or Enter, or press ? or * to list all spells.
Aiming: Necrotise (safe; 1% risk of failure)
Press: ? - help, Shift-Dir - straight line, f - water moccasin
Aim: a water moccasin (chance to affect: 83%)
Okay, then.
Unknown command.
Casting: Necrotise (safe; 1% risk of failure)
Confirm with . or Enter, or press ? or * to list all spells.
Aiming: Vampiric Draining (mildly dangerous; 2% risk of failure)
Press: ? - help, Shift-Dir - straight line, f - hornet
Aim: a hornet You draw life force from the hornet!
You feel life coursing into your body! The hornet stings you.
You feel yourself slow down. You block the cane toad's attack.
The water moccasin bites you. The hornet barely misses you.
The cane toad stings you!
* * * LOW HITPOINT WARNING * * *
The water moccasin bites you.
* * * LOW HITPOINT WARNING * * *
The hornet closely misses you.
The water moccasin completely misses you.
The black mamba completely misses you. The water moccasin closely misses you.
The black mamba attacks as it pursues you!
The black mamba bites you!
* * * LOW HITPOINT WARNING * * *
A rime drake comes into view.
The water moccasin completely misses you.
You block the black mamba's attack. The cane toad misses you.
The water moccasin bites you.
* * * LOW HITPOINT WARNING * * *
The cane toad barely misses you. The black mamba closely misses you.
Okay, then.
You feel better.
You feel yourself speed up. The black mamba bites you.
* * * LOW HITPOINT WARNING * * *
The water moccasin bites you.
You die...

.# #. # .#...#
#. ...#.# ##..
..... #..⌠. #...
#.... #.. .#..
.k...##.# ....
... #SF@# .....
⌠...#lSS##.P.
.......yF#.#
..#........# #
#.........#...#
.....##.<.......
###.# ###.......
#. ....### .
......#


You could see a komodo dragon, a black mamba, 2 cane toads, a rime drake
(wandering), a hornet and 2 water moccasins.

Vanquished Creatures
  Pikel (D:9)
  Maggie (D:9)
  An unseen horror (D:10)
  A komodo dragon (D:10)
  A hornet (D:7)
  A shadow (D:9)
  A steam dragon (D:6)
  Edmund (D:5)
  An acid dragon (D:9)
  Duvessa (D:4)
  A water moccasin (D:6)
  3 orc warriors
  A sky beast (D:6)
  2 ogres
  2 black bears (D:6)
  2 centaurs (D:9)
  2 lemures (D:9)
  2 kobold brigands
  A gnoll sergeant (D:7)
  3 bullfrogs
  2 scorpions
  8 wights
  Dowan (D:4)
  16 killer bees
  5 howler monkeys
  2 quasits (D:6)
  5 jellies
  8 orc priests
  3 hounds
  Ijyb (D:5)
  3 iguanas
  10 orc wizards
  Robin (D:4)
  5 adders
  4 gnolls (D:7)
  2 river rats (Sewer)
  A shadow imp (D:7)
  2 white imps
  4 dart slugs
  2 ribbon worms (D:3)
  29 orcs
  11 ball pythons
  24 endoplasms
  3 giant cockroaches
  12 goblins
  9 hobgoblins
  5 jackals
  5 quokkas
  5 bats
  3 frilled lizards
  19 kobolds
  4 rats
243 creatures vanquished.

Vanquished Creatures (collateral kills)
  A gnoll (D:7)
  A dart slug (D:1)
  An orc (D:9)
  An endoplasm (D:3)
  A giant cockroach (D:1)
  A goblin (D:1)
  2 jackals (D:1)
  4 kobolds
  A ball python (D:1)
  A frilled lizard (D:1)
  2 rats (D:1)
16 creatures vanquished.

Grand Total: 259 creatures vanquished

Notes
Turn   | Place    | Note
-------+----------+-------------------------------------------
     0 | D:1      | burgermaster696 the Demonspawn Necromancer began the quest
                  | for the Orb.
     0 | D:1      | Reached XP level 1. HP: 13/13 MP: 3/3
    71 | D:1      | Gained mutation: You may rarely emit foul miasma when
                  | damaged in melee. [demonic ancestry]
    71 | D:1      | Reached XP level 2. HP: 19/19 MP: 1/5
   396 | D:1      | Reached XP level 3. HP: 24/25 MP: 3/6
   739 | D:2      | Learned a level 3 spell: Vampiric Draining
   780 | D:2      | Found a shadowy altar of Dithmenos.
   824 | D:2      | Reached skill level 1 in Fighting
   838 | D:2      | Identified the +1 ring mail of the Zealous Jabberwock {rC-
                  | rCorr Str+2}
  1204 | D:2      | Noticed Sigmund
  1470 | D:3      | Reached XP level 4. HP: 28/32 MP: 3/7
  1813 | D:3      | Found a glowing drain.
  1851 | Sewer    | Entered a sewer
  2066 | Sewer    | Reached skill level 5 in Necromancy
  2302 | D:3      | Reached skill level 1 in Short Blades
  2302 | D:3      | Gained mutation: A meltable shield of frost defends you.
                  | (SH +4) [demonic ancestry]
  2302 | D:3      | Reached XP level 5. HP: 37/37 MP: 4/9
  2916 | D:4      | Noticed Duvessa
  2928 | D:4      | Noticed Dowan
  2929 | D:4      | Found a radiant altar of Vehumet.
  2929 | D:4      | Found a blossoming altar of Fedhas.
  2929 | D:4      | Found an ancient bone altar of Kikubaaqudgha.
  2940 | D:4      | Noticed Robin
  2965 | D:4      | Gained mutation: Your spells are a little harder to cast,
                  | but a little more powerful. [potion of mutation]
  2965 | D:4      | Gained mutation: You have large cloven feet. [potion of
                  | mutation]
  3016 | D:4      | Reached XP level 6. HP: 17/44 MP: 0/10
  3175 | D:4      | Killed Robin
  3314 | D:4      | Killed Dowan
  3345 | D:4      | Killed Duvessa
  3346 | D:4      | Reached XP level 7. HP: 36/51 MP: 5/12
  3405 | D:4      | Found a staircase to the Ecumenical Temple.
  3415 | Temple   | Entered the Ecumenical Temple
  3680 | Temple   | Became a worshipper of Makhleb the Destroyer
  3895 | D:5      | Entered Level 5 of the Dungeon
  3944 | D:5      | Noticed Ijyb
  3955 | D:5      | Killed Ijyb
  4090 | D:5      | Noticed Edmund
  4105 | D:5      | Killed Edmund
  4106 | D:5      | Reached skill level 6 in Necromancy
  4106 | D:5      | Reached skill level 1 in Invocations
  4208 | D:5      | Noticed Menkaure
  4446 | D:5      | Noticed Blork the orc
  4733 | D:6      | Noticed a steam dragon
  4942 | D:6      | Killed a steam dragon
  4943 | D:6      | Reached skill level 1 in Earth Magic
  4943 | D:6      | Reached XP level 8. HP: 60/60 MP: 5/14
  5125 | D:6      | Found a stormy altar of Qazlal.
  5413 | D:6      | Learned a level 4 spell: Animate Dead
  5425 | D:6      | Found a transporter.
  5434 | D:6      | Noticed burgermaster696's ghost (novice DsNe)
  5485 | D:6      | Found a shimmering altar of Xom.
  5580 | D:6      | Reached skill level 7 in Necromancy
  5679 | D:6      | Found a transporter.
  5826 | D:6      | Reached skill level 5 in Spellcasting
  6206 | D:7      | Found an ornate altar of the Wu Jian Council.
  6227 | D:7      | Reached * piety under Makhleb
  6295 | D:7      | Reached skill level 5 in Dodging
  6568 | D:7      | Gained mutation: You have sharp fingernails. [demonic
                  | ancestry]
  6568 | D:7      | Reached XP level 9. HP: 67/67 MP: 6/16
  6888 | D:7      | Reached skill level 5 in Fighting
  7674 | D:8      | Found a staircase to the Lair.
  8993 | Lair:1   | Entered Level 1 of the Lair of Beasts
  8993 | Lair:1   | Noticed a cane toad
  8993 | Lair:1   | Noticed a komodo dragon
  9177 | D:9      | Reached skill level 1 in Evocations
  9191 | D:9      | Reached skill level 1 in Polearms
  9192 | D:9      | Reached ** piety under Makhleb
  9333 | D:9      | Noticed Pikel
  9538 | D:9      | Noticed an oklob plant
 10074 | D:9      | Noticed Maggie
 10125 | D:9      | Killed Pikel
 10126 | D:9      | Gained mutation: You have an unusually large brain. (Int
                  | +2) [demonic ancestry]
 10126 | D:9      | Reached XP level 10. HP: 77/77 MP: 11/19
 10591 | D:9      | Killed Maggie
 10592 | D:9      | Reached skill level 5 in Stealth
 10693 | D:9      | Learned a level 3 spell: Inner Flame
 10898 | D:10     | Entered Level 10 of the Dungeon
 10929 | D:10     | Identified the +0 leather armour "Yskocemo" {Str+3 Dex+5}
 11130 | D:10     | Reached skill level 8 in Necromancy
 11170 | D:10     | Reached skill level 1 in Fire Magic
 11175 | D:10     | Found Yxkif's Armour Shoppe.
 11182 | D:10     | Found a staircase to the Orcish Mines.
 11455 | D:10     | Noticed Erica
 11863 | D:9      | Upgraded the game from 0.31-a0-1597-ge7908ec95f to
                  | 0.31-a0-1606-g60c5cc7444
 12253 | D:9      | Reached *** piety under Makhleb
 12479 | Lair:1   | Noticed a black mamba
 12480 | Lair:1   | Noticed a cane toad
 12485 | Lair:1   | HP: 2/77 [water moccasin (2)]
 12486 | Lair:1   | Slain by a water moccasin

Illustrated notes

Levels and vault maps discovered:
D:1:      grunt_arrival_lava_bath, layout_rooms, grunt_decor_one_mirror
D:2:      layout_loops_ring, basic_altar, uniq_sigmund
D:3:      layout_basic, cheibrodos_sewer_entry_bend, minmay_gold_behind_fungi
D:4:      layout_rooms, gammafunk_temple_overflow_forgotten,
          minmay_temple_entry_wispy, uniq_robin, uniq_duvessa
D:5:      layout_loops_ring, uniq_menkaure, uniq_blork_the_orc, uniq_edmund,
          uniq_ijyb
D:6:      layout_basic, grunt_qazlal_sundering, old_standard_altar,
          gammafunk_ghost_stat_death, nicolae_ossuary_entry_plus
D:7:      layout_layer_cave, elyvilon_altar_3, overflow_temple_1_default,
          kennysheep_generic_room_8
D:8:      layout_gridville, dpeg_oklobed_lair
D:9:      lemuel_slime, layout_long_grid, minmay_misc_feat_room, uniq_pikel,
          uniq_maggie
D:10:     layout_irregular_city, grunt_dithmenos_smoke, orc_david_3, uniq_erica
Temple:   minmay_temple_curvy_branch
Lair:1:   layout_misc_corridors, grunt_megastairs_3

Skill      XL: |  1  2  3  4  5  6  7  8  9 10 |
---------------+-------------------------------+-----
Stealth        | 2 3 4 5 |  5.0
Dodging        | 2 3 4 5 |  5.6
Fighting       | 1 2 3 4 6 |  6.6
Necromancy     | 5 6 7 8 |  8.5
Short Blades   | 1 |  1.0
Spellcasting   | 3 4 5 6 7 |  7.1
Invocations    | 2 |  2.0
Earth Magic    | 1 2 3 |  3.6
Evocations     | 2 3 |  3.1
Polearms       | 2 |  2.7
Fire Magic     | 2 |  2.4

Action                     |  1- 3 |  4- 6 |  7- 9 | 10-12 || total
---------------------------+-------+-------+-------+-------++-------
  Melee: Unarmed           |    17 |       |       |       ||    17
         Dagger            |    60 |    49 |       |       ||   109
         Punch             |       |     2 |     2 |     3 ||     7
         Short sword       |       |    48 |   175 |       ||   223
         Trident           |       |       |    59 |   131 ||   190
         Kick              |       |       |    31 |    42 ||    73
  Throw: Dart              |       |       |    31 |    50 ||    81
   Cast: Necrotise         |    56 |    71 |   111 |    20 ||   258
         Vampiric Draining |     2 |    17 |    73 |    22 ||   114
  Evoke: Wand              |       |       |    24 |     3 ||    27
    Use: Scroll            |       |     8 |     4 |     4 ||    16
         Potion            |       |    12 |     3 |     2 ||    17
   Stab: Sleeping          |     1 |       |     1 |       ||     2
         Invisible         |       |     1 |       |       ||     1
 Armour: Robe              |    58 |    68 |   236 |    24 ||   386
         Leather armour    |       |       |       |    68 ||    68
  Dodge: Dodged            |    48 |    87 |   499 |   191 ||   825
  Block: Other             |       |    11 |    73 |    45 ||   129

Table legend: (Time is in decaauts)
 A = Elapsed time spent in this place.
 B = Non-inter-level travel time spent in this place.
 C = Inter-level travel time spent in this place.
 D = Time resting spent in this place.
 E = Time spent auto-exploring this place.
 F = Levels seen in this place.
 G = Mean time per level.
                   A        B        C        D        E       F      G
               +--------+--------+--------+--------+--------+-----+--------+
         Total |  12562 |  12503 |     59 |   1451 |   1027 |  13 |  966.3 |
       Dungeon |  11885 |  11826 |     59 |   1451 |   1027 |  10 | 1188.5 |
        Temple |    302 |    302 |      0 |      0 |      0 |   1 |  302.0 |
          Lair |     11 |     11 |      0 |      0 |      0 |   1 |   11.0 |
         Sewer |    363 |    363 |      0 |      0 |      0 |   1 |  363.0 |
               +--------+--------+--------+--------+--------+-----+--------+

Top non-repeatable levels by time:
     D:9: 2658 daAuts
     D:8: 1560 daAuts
     D:7: 1492 daAuts
     D:6: 1431 daAuts
     D:3: 1305 daAuts
     D:2: 757 daAuts
     D:5: 748 daAuts
    D:10: 718 daAuts
     D:1: 634 daAuts
     D:4: 577 daAuts
   Sewer: 363 daAuts
  Temple: 302 daAuts
  Lair:1: 11 daAuts
